Sabres vs Penguins

Created - 26 septembre 2019 at 16:09

Simulating a Pre-Season

Goals
1 2 3 OT1 T
Sabres 1 0 0 0 1
Penguins 1 0 0 1 2
Shots
1 2 3 OT1 T
Sabres 16 5 15 0 36
Penguins 14 5 2 1 22

1st period

1. Penguins , Patric Hornqvist 5 (Adam Lowry 2) at 10:10 (SH)
2. Sabres , Rickard Rakell 2 (Paul Stastny 6) at 19:59

Penalties :
Niklas Kronwall (PIT) for Hooking (Minor) at 9:59

2nd period

No Goal

Penalties :
Clayton Keller (BUF) for Hooking (Minor) at 14:37

3rd period

No Goal

Penalties :
Jacob Larsson (PIT) for Hooking (Minor) at 12:13

Overtime #1

3. Penguins , Patric Hornqvist 6 (Adam Lowry 3) at 2:04

Penalties :
No Penalty

Goalie Stats

Martin Jones (BUF), 20 saves from 22 shots - (0,909), OTL, 1-0-1, 62:04 minutes
Tuukka Rask (PIT), 35 saves from 36 shots - (0,972), W, 4-1-0, 62:04 minutes

Players Stats for Sabres

Player Name              G  A  P  +/- PIM S  H  SB GA TA FO     MP     PP MP  PK MP  
------------------------------------------------------------------------------------
Andre Burakovsky         0  0  0   0  0   7  0  0  1  0  0/0    11:42   0:00   0:51 
Andrew Copp              0  0  0   0  0   2  2  0  0  1  2/5    12:49   0:00   0:00 
Andrew MacDonald         0  0  0   0  0   1  1  0  0  1  0/0    16:48   0:00   1:09 
Clayton Keller           0  0  0  -1  2   0  0  0  1  0  0/0    15:50   0:00   0:00 
David Backes             0  0  0   0  0   1  2  0  0  0  5/8    11:13   0:00   0:36 
Filip Hronek             0  0  0  -1  0   2  1  1  0  0  0/0    21:57   1:41   0:41 
Ivan Provorov            0  0  0   1  0   2  1  2  0  0  0/0    19:46   0:00   0:41 
Joonas Donskoi           0  0  0   0  0   3  0  0  1  0  0/1    13:49   0:00   0:00 
Josh Anderson            0  0  0  -1  0   1  1  0  0  0  0/1    16:21   1:53   0:00 
Kevin Hayes              0  0  0   0  0   4  2  0  0  2  7/15   19:08   2:05   0:59 
Kevin Shattenkirk        0  0  0   1  0   2  0  2  0  0  0/0    20:33   1:41   0:00 
Paul Stastny             0  1  1   0  0   1  0  0  2  1  10/19  18:15   1:53   0:40 
Rasmus Dahlin            0  0  0  -1  0   0  1  1  0  0  0/0    19:39   2:17   0:43 
Rickard Rakell           1  0  1   1  0   5  3  0  0  0  1/1    18:17   2:05   0:00 
Roman Josi               0  0  0  -1  0   2  1  5  1  1  0/0    23:21   2:17   0:44 
Ryan Carpenter           0  0  0   0  0   0  2  0  0  0  0/1     9:14   0:00   0:00 
Viktor Arvidsson         0  0  0   0  0   2  1  0  1  0  0/2    17:40   1:53   0:00 
Zach Hyman               0  0  0  -1  0   1  2  0  2  1  0/1    17:50   2:05   0:52 

Players Stats for Penguins

Player Name              G  A  P  +/- PIM S  H  SB GA TA FO     MP     PP MP  PK MP  
------------------------------------------------------------------------------------
Adam Lowry               0  2  2   2  0   1  0  0  0  0  15/25  18:46   0:53   1:53 
Dmitry Orlov             0  0  0   0  0   1  1  0  0  0  0/0    20:18   0:59   1:27 
Greg Carey               0  0  0   0  0   0  0  0  0  0  1/1     1:27   0:05   0:00 
Jacob Larsson            0  0  0   0  2   0  0  1  0  0  0/0    15:11   0:00   0:35 
Jesperi Kotkaniemi       0  0  0   0  0   0  0  0  0  0  0/0     4:52   0:19   0:00 
Joel Armia               0  0  0  -1  0   1  1  2  2  0  0/2    19:08   1:01   1:22 
Marcus Foligno           0  0  0   0  0   0  4  2  0  1  0/0    13:55   0:00   0:43 
Markus Granlund          0  0  0   0  0   1  0  0  0  0  4/4    18:23   0:53   1:22 
Mikkel Boedker           0  0  0  -1  0   1  0  0  2  0  1/1    17:50   1:01   0:00 
Miro Heiskanen           0  0  0   0  0   0  0  0  0  0  0/0    14:32   0:00   0:00 
Niklas Kronwall          0  0  0   0  2   2  1  0  0  2  0/0    19:09   0:59   0:52 
Patric Hornqvist         2  0  2   2  0   7  0  0  1  1  3/4    23:46   0:44   1:53 
Reid Boucher             0  0  0   0  0   4  0  1  1  0  0/0    12:27   0:00   0:00 
Roman Polak              0  0  0   1  0   1  2  1  0  1  0/0    26:43   1:00   2:31 
Sam Bennett              0  0  0   0  0   0  1  0  0  0  1/4    14:44   0:00   0:43 
Steve Bernier            0  0  0   0  0   0  3  2  0  0  0/0     8:35   0:00   0:00 
Tim Schaller             0  0  0  -1  0   1  0  2  0  0  3/12   17:38   1:01   0:00 
Tyler Myers              0  0  0   0  0   2  2  5  1  4  0/0    26:21   1:00   2:31 
Vladimir Sobotka         0  0  0   0  0   0  0  1  0  0  1/1     8:27   0:00   0:00 

3 Stars

1 - Tuukka Rask (PIT)
2 - Patric Hornqvist (PIT)
3 - Adam Lowry (PIT)

Power Play

Sabres - 0 on 2 Attempt(s) - 0,00%
Penguins - 0 on 1 Attempt(s) - 0,00%

Penalty Kill

Sabres - 1 on 1 Attempt(s) - 100,00% - Score 0 goal in Penalty Kill
Penguins - 2 on 2 Attempt(s) - 100,00% - Score 1 goal in Penalty Kill

Team Stat

Sabres - Hits : 20 - Faceoff Wins : 25 - Blocked Shots : 11 - Penalty Minutes : 2
Penguins - Hits : 15 - Faceoff Wins : 29 - Blocked Shots : 17 - Penalty Minutes : 4

Official

Referees : Dennis LaRue and Brad Watson
Linesman : David Brisebois and Brian Murphy

Game Notes

No Game Note

Sabres

5 vs 5 Forward 
   Center                   Left Wing                Right Wing               Time % Phy DF OF 
 1 Paul Stastny             Viktor Arvidsson         Rickard Rakell           30     0   2  3  
 2 Kevin Hayes              Clayton Keller           Josh Anderson            30     0   2  3  
 3 Andrew Copp              Joonas Donskoi           Zach Hyman               25     0   2  3  
 4 David Backes             Andre Burakovsky         Ryan Carpenter           15     0   3  2  

5 vs 5 Defense 
   Defense                  Defense                                           Time % Phy DF OF 
 1 Roman Josi               Filip Hronek                                      35     0   3  2  
 2 Ivan Provorov            Kevin Shattenkirk                                 35     0   3  2  
 3 Rasmus Dahlin            Andrew MacDonald                                  30     0   3  2  
 4 Rasmus Dahlin            Andrew MacDonald                                  0      0   3  2  

PowerPlay Forward 
   Center                   Left Wing                Right Wing               Time % Phy DF OF 
 1 Paul Stastny             Josh Anderson            Viktor Arvidsson         60     0   0  5  
 2 Kevin Hayes              Rickard Rakell           Zach Hyman               40     0   0  5  

PowerPlay Defense
   Defense                  Defense                                           Time % Phy DF OF 
 1 Roman Josi               Rasmus Dahlin                                     55     0   1  4  
 2 Filip Hronek             Kevin Shattenkirk                                 45     0   1  4  

Penalty Kill 4 Players Forward 
   Center                   Wing                     Time % Phy DF OF 
 1 Kevin Hayes              Zach Hyman               65     0   4  1  
 2 Andrew Copp              Josh Anderson            35     1   4  0  

Penalty Kill 4 Players Defense
   Defense                  Defense                  Time % Phy DF OF 
 1 Roman Josi               Andrew MacDonald         60     0   5  0  
 2 Ivan Provorov            Filip Hronek             40     0   5  0  

Penalty Kill - 3 Players Forward 
   Forward                                           Time % Phy DF OF 
 1 Andrew Copp                                       60     0   5  0  
 2 Kevin Hayes                                       40     0   5  0  

Penalty Kill - 3 Players Defense
   Defense                  Defense                  Time % Phy DF OF 
 1 Andrew MacDonald         Filip Hronek             60     0   5  0  
 2 Ivan Provorov            Roman Josi               40     0   5  0  

4 vs 4 Forward 
   Center                   Wing                     Time % Phy DF OF 
 1 Andrew Copp              Joonas Donskoi           60     1   1  3  
 2 David Backes             Andre Burakovsky         40     1   1  3  

4 vs 4 Defense
   Defense                  Defense                  Time % Phy DF OF 
 1 Ivan Provorov            Andrew MacDonald         50     1   2  2  
 2 Roman Josi               Kevin Shattenkirk        50     1   2  2  

Last Minutes Offensive
   Center                   Left Wing                Right Wing               Defense                  Defense                  
   Paul Stastny             Viktor Arvidsson         Josh Anderson            Roman Josi               Ivan Provorov            

Last Minutes Defensive
   Center                   Left Wing                Right Wing               Defense                  Defense                  
   Kevin Hayes              Josh Anderson            Zach Hyman               Andrew MacDonald         Ivan Provorov            

Goaltenders
Starting : Martin Jones             
Backup : Pheonix Copley           

Extra Forwards
Normal : Joonas Donskoi, Zach Hyman, Rickard Rakell - PP : David Backes, Joonas Donskoi - PK : Paul Stastny
Extra Defensemen
Normal : Rasmus Dahlin, Filip Hronek, Ivan Provorov - PP : Andrew MacDonald - PK : Filip Hronek, Ivan Provorov
Penalty Shots
Kevin Shattenkirk, Filip Hronek, Andrew MacDonald, Roman Josi, Andrew Copp
Custom OT Lines Forwards
Kevin Hayes, Paul Stastny, Viktor Arvidsson, Rickard Rakell, Clayton Keller, Zach Hyman, Josh Anderson, Andre Burakovsky, Andrew Copp, David Backes
Custom OT Lines Defensemen
Roman Josi, Filip Hronek, Andrew MacDonald, Rasmus Dahlin, Kevin Shattenkirk

Scratches
Erik Gudbranson (Sprained Right Knee Injury), James Reimer (Healthy)

Penguins

5 vs 5 Forward 
   Center                   Left Wing                Right Wing               Time % Phy DF OF 
 1 Adam Lowry               Patric Hornqvist         Markus Granlund          40     1   2  2  
 2 Tim Schaller             Mikkel Boedker           Joel Armia               30     1   2  2  
 3 Sam Bennett              Marcus Foligno           Reid Boucher             20     1   2  2  
 4 Vladimir Sobotka         Patric Hornqvist         Steve Bernier            10     1   2  2  

5 vs 5 Defense 
   Defense                  Defense                                           Time % Phy DF OF 
 1 Roman Polak              Tyler Myers                                       40     1   2  2  
 2 Dmitry Orlov             Niklas Kronwall                                   30     1   2  2  
 3 Miro Heiskanen           Jacob Larsson                                     20     1   2  2  
 4 Roman Polak              Tyler Myers                                       10     1   2  2  

PowerPlay Forward 
   Center                   Left Wing                Right Wing               Time % Phy DF OF 
 1 Adam Lowry               Patric Hornqvist         Markus Granlund          60     1   2  2  
 2 Tim Schaller             Mikkel Boedker           Joel Armia               40     1   2  2  

PowerPlay Defense
   Defense                  Defense                                           Time % Phy DF OF 
 1 Roman Polak              Tyler Myers                                       60     1   2  2  
 2 Dmitry Orlov             Niklas Kronwall                                   40     1   2  2  

Penalty Kill 4 Players Forward 
   Center                   Wing                     Time % Phy DF OF 
 1 Patric Hornqvist         Adam Lowry               60     1   2  2  
 2 Markus Granlund          Joel Armia               40     1   2  2  

Penalty Kill 4 Players Defense
   Defense                  Defense                  Time % Phy DF OF 
 1 Roman Polak              Tyler Myers              60     1   2  2  
 2 Dmitry Orlov             Niklas Kronwall          40     1   2  2  

Penalty Kill - 3 Players Forward 
   Forward                                           Time % Phy DF OF 
 1 Patric Hornqvist                                  60     1   2  2  
 2 Adam Lowry                                        40     1   2  2  

Penalty Kill - 3 Players Defense
   Defense                  Defense                  Time % Phy DF OF 
 1 Roman Polak              Tyler Myers              60     1   2  2  
 2 Dmitry Orlov             Niklas Kronwall          40     1   2  2  

4 vs 4 Forward 
   Center                   Wing                     Time % Phy DF OF 
 1 Patric Hornqvist         Adam Lowry               60     1   2  2  
 2 Markus Granlund          Joel Armia               40     1   2  2  

4 vs 4 Defense
   Defense                  Defense                  Time % Phy DF OF 
 1 Roman Polak              Tyler Myers              60     1   2  2  
 2 Dmitry Orlov             Niklas Kronwall          40     1   2  2  

Last Minutes Offensive
   Center                   Left Wing                Right Wing               Defense                  Defense                  
   Adam Lowry               Patric Hornqvist         Markus Granlund          Roman Polak              Tyler Myers              

Last Minutes Defensive
   Center                   Left Wing                Right Wing               Defense                  Defense                  
   Adam Lowry               Patric Hornqvist         Markus Granlund          Roman Polak              Tyler Myers              

Goaltenders
Starting : Tuukka Rask              
Backup : Jack Campbell            

Extra Forwards
Normal : Jesperi Kotkaniemi, Greg Carey, Sam Bennett - PP : Jesperi Kotkaniemi, Greg Carey - PK : Sam Bennett
Extra Defensemen
Normal : Miro Heiskanen, Jacob Larsson, Tim Schaller - PP : Miro Heiskanen - PK : Jacob Larsson, Tim Schaller
Penalty Shots
Patric Hornqvist, Adam Lowry, Markus Granlund, Joel Armia, Mikkel Boedker
Custom OT Lines Forwards
Patric Hornqvist, Adam Lowry, Markus Granlund, Joel Armia, Mikkel Boedker, Tim Schaller, Sam Bennett, Marcus Foligno, Reid Boucher, Vladimir Sobotka
Custom OT Lines Defensemen
Roman Polak, Tyler Myers, Dmitry Orlov, Niklas Kronwall, Tim Schaller

Scratches
Mikael Granlund (Healthy), Brent Burns (Healthy), Brian Boyle (Healthy), Auston Matthews (Healthy)

% Time on Ice - Sabres

Lines # - Real PCT - Wanted PCT - Time Play
Normal Forward
1 - 29% - 30% - 15:30
2 - 31% - 30% - 16:47
3 - 23% - 25% - 12:32
4 - 17% - 15% - 9:14
Normal Defense
1 - 36% - 35% - 19:29
2 - 38% - 35% - 20:19
3 - 26% - 30% - 14:15
4 - 0% - 0% - 0:00
PP Forward
1 - 47% - 60% - 1:53
2 - 53% - 40% - 2:05
PP Defense
1 - 58% - 55% - 2:17
2 - 42% - 45% - 1:41
PK Forward
1 - 100% - 65% - 1:59
2 - 0% - 35% - 0:00
PK Defense
1 - 66% - 60% - 1:18
2 - 34% - 40% - 0:41
PK3 Forward
1 - 0% - 60%
2 - 0% - 40%
PK3 Defense
1 - 0% - 60%
2 - 0% - 40%
44 Forward
1 - 0% - 60%
2 - 0% - 40%
44 Defense
1 - 0% - 50%
2 - 0% - 50%
Last Minute Offensive  - 0:00
Last Minute Defensive  - 0:00
Total
Forward - 60:00
Defense - 60:00

% Time on Ice - Penguins

Lines # - Real PCT - Wanted PCT - Time Play
Normal Forward
1 - 29% - 40% - 15:25
2 - 33% - 30% - 17:59
3 - 23% - 20% - 12:27
4 - 15% - 10% - 8:12
Normal Defense
1 - 38% - 40% - 20:28
2 - 33% - 30% - 18:01
3 - 25% - 20% - 13:37
4 - 4% - 10% - 1:57
PP Forward
1 - 49% - 60% - 0:58
2 - 51% - 40% - 1:01
PP Defense
1 - 50% - 60% - 1:00
2 - 50% - 40% - 0:59
PK Forward
1 - 66% - 60% - 2:36
2 - 34% - 40% - 1:22
PK Defense
1 - 63% - 60% - 2:31
2 - 37% - 40% - 1:27
PK3 Forward
1 - 0% - 60%
2 - 0% - 40%
PK3 Defense
1 - 0% - 60%
2 - 0% - 40%
44 Forward
1 - 0% - 60%
2 - 0% - 40%
44 Defense
1 - 0% - 60%
2 - 0% - 40%
Last Minute Offensive  - 0:00
Last Minute Defensive  - 0:00
Total
Forward - 60:00
Defense - 60:00

Play-by-Play

1st period


0:01 of 1st period - Adam Lowry wins face-off versus Paul Stastny in neutral zone.
0:06 of 1st period - Snap shot by Patric Hornqvist.
0:06 of 1st period - Shot Misses the Net.
0:08 of 1st period - Snap shot by Adam Lowry.
0:08 of 1st period - Deflect By Patric Hornqvist.
0:08 of 1st period - Stopped by Martin Jones with a rebound.
0:10 of 1st period - Slapshot by Roman Polak.
0:10 of 1st period - Shot Misses the Net.
0:12 of 1st period - Snap shot by Markus Granlund.
0:12 of 1st period - Shot Blocked by Roman Josi.
0:14 of 1st period - Slapshot by Adam Lowry.
0:14 of 1st period - Stopped by Martin Jones without a rebound.
0:15 of 1st period - Kevin Hayes wins face-off versus Tim Schaller in Sabres zone.
0:48 of 1st period - Snap shot by Sam Bennett.
0:48 of 1st period - Shot Blocked by Kevin Shattenkirk.
0:50 of 1st period - Backhand shot by Miro Heiskanen.
0:50 of 1st period - Shot Blocked by Kevin Shattenkirk.
0:57 of 1st period - Icing by Kevin Shattenkirk.
0:58 of 1st period - Adam Lowry wins face-off versus Joonas Donskoi in Sabres zone.
1:43 of 1st period - Wrist shot by Zach Hyman.
1:43 of 1st period - Shot Misses the Net.
1:57 of 1st period - Slapshot by Patric Hornqvist.
1:57 of 1st period - Shot Misses the Net.
2:17 of 1st period - Slapshot by Andrew Copp.
2:17 of 1st period - Shot Misses the Net.
2:19 of 1st period - Slapshot by Kevin Shattenkirk.
2:19 of 1st period - Shot Blocked by Steve Bernier.
2:37 of 1st period - Wrist shot by Joonas Donskoi.
2:37 of 1st period - Stopped by Tuukka Rask with a rebound.
2:39 of 1st period - Wrist shot by Andrew Copp.
2:39 of 1st period - Shot Blocked by Steve Bernier.
3:02 of 1st period - Snap shot by Joonas Donskoi.
3:02 of 1st period - Shot Blocked by Tyler Myers.
3:06 of 1st period - Wrist shot by Zach Hyman.
3:06 of 1st period - Shot Misses the Net.
3:08 of 1st period - Snap shot by Joonas Donskoi.
3:08 of 1st period - Stopped by Tuukka Rask without a rebound.
3:09 of 1st period - Tim Schaller wins face-off versus Paul Stastny in Penguins zone.
3:14 of 1st period - Snap shot by Joel Armia.
3:14 of 1st period - Shot Blocked by Rasmus Dahlin.
3:16 of 1st period - Slapshot by Dmitry Orlov.
3:16 of 1st period - Stopped by Martin Jones with a rebound.
3:18 of 1st period - Snap shot by Tim Schaller.
3:18 of 1st period - Stopped by Martin Jones with a rebound.
3:34 of 1st period - Marcus Foligno is hit by Rasmus Dahlin and loses puck.
4:21 of 1st period - Roman Josi is hit by Marcus Foligno and loses puck.
4:34 of 1st period - Snap shot by Roman Josi.
4:34 of 1st period - Deflect By Markus Granlund.
4:34 of 1st period - Stopped by Tuukka Rask without a rebound.
4:35 of 1st period - Adam Lowry wins face-off versus David Backes in Penguins zone.
4:40 of 1st period - Snap shot by Markus Granlund.
4:40 of 1st period - Shot Blocked by Roman Josi.
4:58 of 1st period - Wrist shot by Reid Boucher.
4:58 of 1st period - Stopped by Martin Jones without a rebound.
4:59 of 1st period - Paul Stastny wins face-off versus Sam Bennett in Sabres zone.
5:23 of 1st period - Roman Josi is hit by Marcus Foligno and loses puck.
5:28 of 1st period - Snap shot by Sam Bennett.
5:28 of 1st period - Shot Misses the Net.
5:30 of 1st period - Slapshot by Dmitry Orlov.
5:30 of 1st period - Shot Blocked by Roman Josi.
5:32 of 1st period - Snap shot by Marcus Foligno.
5:32 of 1st period - Shot Misses the Net.
5:38 of 1st period - Snap shot by Viktor Arvidsson.
5:38 of 1st period - Shot Hit the Post.
6:06 of 1st period - Wrist shot by Paul Stastny.
6:06 of 1st period - Shot Misses the Net.
6:08 of 1st period - Slapshot by Paul Stastny.
6:08 of 1st period - Shot Blocked by Tyler Myers.
6:10 of 1st period - Slapshot by Roman Josi.
6:10 of 1st period - Shot Blocked by Roman Polak.
6:12 of 1st period - Backhand shot by Filip Hronek.
6:12 of 1st period - Shot Misses the Net.
6:14 of 1st period - Snap shot by Paul Stastny.
6:14 of 1st period - Shot Blocked by Marcus Foligno.
6:26 of 1st period - Snap shot by Viktor Arvidsson.
6:26 of 1st period - Shot Blocked by Tyler Myers.
6:28 of 1st period - Snap shot by Paul Stastny.
6:28 of 1st period - Shot Blocked by Reid Boucher.
6:30 of 1st period - Slapshot by Roman Josi.
6:30 of 1st period - Deflect By Rickard Rakell.
6:30 of 1st period - Stopped by Tuukka Rask with a rebound.
6:32 of 1st period - Slapshot by Filip Hronek.
6:32 of 1st period - Deflect By Rickard Rakell.
6:32 of 1st period - Shot Misses the Net.
6:32 of 1st period - Puck is out of play.
6:33 of 1st period - Adam Lowry wins face-off versus Kevin Hayes in Penguins zone.
6:49 of 1st period - Snap shot by Markus Granlund.
6:49 of 1st period - Stopped by Martin Jones with a rebound.
6:59 of 1st period - Tim Schaller is hit by David Backes and loses puck.
7:08 of 1st period - Wrist shot by Joel Armia.
7:08 of 1st period - Stopped by Martin Jones with a rebound.
7:18 of 1st period - Vladimir Sobotka is hit by Zach Hyman and loses puck.
7:56 of 1st period - Icing by Ivan Provorov.
7:57 of 1st period - David Backes wins face-off versus Tim Schaller in Sabres zone.
8:00 of 1st period - Wrist shot by Joel Armia.
8:00 of 1st period - Shot Blocked by Ivan Provorov.
8:08 of 1st period - Roman Polak is hit by Ryan Carpenter and loses puck.
9:19 of 1st period - Slapshot by Reid Boucher.
9:19 of 1st period - Stopped by Martin Jones with a rebound.
9:36 of 1st period - Snap shot by Andre Burakovsky.
9:36 of 1st period - Shot Misses the Net.
9:59 of 1st period - Minor Penalty to Niklas Kronwall for Hooking.
10:00 of 1st period - Patric Hornqvist wins face-off versus Paul Stastny in Penguins zone.
10:10 of 1st period - Snap shot by Patric Hornqvist.
10:10 of 1st period - Goal by Patric Hornqvist - Sabres : 0 - Penguins : 1.
10:11 of 1st period - Paul Stastny wins face-off versus Patric Hornqvist in neutral zone.
10:26 of 1st period - Snap shot by Viktor Arvidsson.
10:26 of 1st period - Shot Misses the Net.
10:52 of 1st period - Markus Granlund is hit by Kevin Hayes.
11:27 of 1st period - Icing by Rickard Rakell.
11:28 of 1st period - Markus Granlund wins face-off versus Kevin Hayes in Sabres zone.
11:29 of 1st period - Wrist shot by Joel Armia.
11:29 of 1st period - Deflect By Markus Granlund.
11:29 of 1st period - Shot Misses the Net.
11:29 of 1st period - Puck is out of play.
11:30 of 1st period - Markus Granlund wins face-off versus Kevin Hayes in Sabres zone.
11:59 of 1st period - Penalty to Niklas Kronwall is over, Niklas Kronwall is back on ice.
12:08 of 1st period - Zach Hyman is hit by Marcus Foligno and loses puck.
12:48 of 1st period - Snap shot by Andre Burakovsky.
12:48 of 1st period - Stopped by Tuukka Rask without a rebound.
12:49 of 1st period - David Backes wins face-off versus Sam Bennett in Penguins zone.
12:50 of 1st period - Slapshot by Roman Josi.
12:50 of 1st period - Deflect By David Backes.
12:50 of 1st period - Stopped by Tuukka Rask without a rebound.
12:51 of 1st period - Sam Bennett wins face-off versus David Backes in Penguins zone.
13:06 of 1st period - Backhand shot by Reid Boucher.
13:06 of 1st period - Stopped by Martin Jones without a rebound.
13:07 of 1st period - Adam Lowry wins face-off versus Kevin Hayes in Sabres zone.
13:08 of 1st period - Snap shot by Patric Hornqvist.
13:08 of 1st period - Stopped by Martin Jones with a rebound.
14:29 of 1st period - Wrist shot by Andre Burakovsky.
14:29 of 1st period - Stopped by Tuukka Rask with a rebound.
15:27 of 1st period - Wrist shot by Reid Boucher.
15:27 of 1st period - Stopped by Martin Jones with a rebound.
15:45 of 1st period - Off-side.
15:46 of 1st period - Kevin Hayes wins face-off versus Adam Lowry in neutral zone.
15:55 of 1st period - Snap shot by Kevin Hayes.
15:55 of 1st period - Stopped by Tuukka Rask without a rebound.
15:56 of 1st period - Kevin Hayes wins face-off versus Tim Schaller in Penguins zone.
16:06 of 1st period - Off-side.
16:07 of 1st period - Paul Stastny wins face-off versus Adam Lowry in neutral zone.
16:39 of 1st period - Wrist shot by Clayton Keller.
16:39 of 1st period - Shot Misses the Net.
16:41 of 1st period - Snap shot by Ivan Provorov.
16:41 of 1st period - Stopped by Tuukka Rask without a rebound.
16:42 of 1st period - Adam Lowry wins face-off versus Josh Anderson in Penguins zone.
16:53 of 1st period - Miro Heiskanen is hit by Filip Hronek and loses puck.
17:02 of 1st period - Adam Lowry is hit by Roman Josi and loses puck.
17:15 of 1st period - Wrist shot by Andrew Copp.
17:15 of 1st period - Stopped by Tuukka Rask with a rebound.
17:17 of 1st period - Slapshot by Filip Hronek.
17:17 of 1st period - Stopped by Tuukka Rask without a rebound.
17:18 of 1st period - Andrew Copp wins face-off versus Joel Armia in Penguins zone.
17:21 of 1st period - Snap shot by Joonas Donskoi.
17:21 of 1st period - Stopped by Tuukka Rask without a rebound.
17:22 of 1st period - Paul Stastny wins face-off versus Tim Schaller in Penguins zone.
17:48 of 1st period - Wrist shot by Joonas Donskoi.
17:48 of 1st period - Shot Misses the Net.
17:50 of 1st period - Snap shot by Zach Hyman.
17:50 of 1st period - Shot Misses the Net.
17:52 of 1st period - Wrist shot by Zach Hyman.
17:52 of 1st period - Shot Misses the Net.
17:56 of 1st period - Slapshot by Joonas Donskoi.
17:56 of 1st period - Shot Misses the Net.
17:58 of 1st period - Backhand shot by Andrew Copp.
17:58 of 1st period - Stopped by Tuukka Rask without a rebound.
17:59 of 1st period - Markus Granlund wins face-off versus Kevin Hayes in Penguins zone.
18:32 of 1st period - Viktor Arvidsson is hit by Steve Bernier and loses puck.
19:07 of 1st period - Andre Burakovsky is hit by Roman Polak.
19:17 of 1st period - Slapshot by Andre Burakovsky.
19:17 of 1st period - Stopped by Tuukka Rask without a rebound.
19:18 of 1st period - Kevin Hayes wins face-off versus Adam Lowry in Penguins zone.
19:27 of 1st period - Snap shot by Kevin Hayes.
19:27 of 1st period - Stopped by Tuukka Rask without a rebound.
19:28 of 1st period - Kevin Hayes wins face-off versus Adam Lowry in Penguins zone.
19:45 of 1st period - Snap shot by Patric Hornqvist.
19:45 of 1st period - Stopped by Martin Jones without a rebound.
19:46 of 1st period - Mikkel Boedker wins face-off versus Paul Stastny in Sabres zone.
19:47 of 1st period - Wrist shot by Tim Schaller.
19:47 of 1st period - Shot Misses the Net.
19:49 of 1st period - Slapshot by Tyler Myers.
19:49 of 1st period - Stopped by Martin Jones without a rebound.
19:50 of 1st period - Paul Stastny wins face-off versus Tim Schaller in Sabres zone.
19:59 of 1st period - Snap shot by Rickard Rakell.
19:59 of 1st period - Goal by Rickard Rakell - Sabres : 1 - Penguins : 1.
Goals for this period are 1 for Sabres vs 1 for Penguins.
Shots for this period are 16 for Sabres vs 14 for Penguins.

2nd period


0:01 of 2nd period - Adam Lowry wins face-off versus Viktor Arvidsson in neutral zone.
0:08 of 2nd period - Snap shot by Markus Granlund.
0:08 of 2nd period - Shot Misses the Net.
0:10 of 2nd period - Wrist shot by Patric Hornqvist.
0:10 of 2nd period - Stopped by Martin Jones with a rebound.
0:12 of 2nd period - Slapshot by Patric Hornqvist.
0:12 of 2nd period - Shot Misses the Net.
0:14 of 2nd period - Wrist shot by Patric Hornqvist.
0:14 of 2nd period - Shot Misses the Net.
0:16 of 2nd period - Slapshot by Patric Hornqvist.
0:16 of 2nd period - Stopped by Martin Jones with a rebound.
0:35 of 2nd period - Off-side.
0:36 of 2nd period - Adam Lowry wins face-off versus Andrew Copp in neutral zone.
0:39 of 2nd period - Wrist shot by Markus Granlund.
0:39 of 2nd period - Shot Misses the Net.
0:41 of 2nd period - Slapshot by Niklas Kronwall.
0:41 of 2nd period - Stopped by Martin Jones with a rebound.
1:03 of 2nd period - Tim Schaller is hit by Rickard Rakell and loses puck.
1:10 of 2nd period - Viktor Arvidsson is hit by Niklas Kronwall and loses puck.
3:40 of 2nd period - Roman Josi is hit by Sam Bennett and loses puck.
3:59 of 2nd period - Vladimir Sobotka is hit by Kevin Hayes and loses puck.
4:19 of 2nd period - Icing by Patric Hornqvist.
4:20 of 2nd period - Vladimir Sobotka wins face-off versus Paul Stastny in Penguins zone.
4:25 of 2nd period - Snap shot by Viktor Arvidsson.
4:25 of 2nd period - Shot Misses the Net.
4:27 of 2nd period - Slapshot by Paul Stastny.
4:27 of 2nd period - Shot Misses the Net.
4:55 of 2nd period - Steve Bernier is hit by Andrew Copp and loses puck.
5:57 of 2nd period - Backhand shot by Viktor Arvidsson.
5:57 of 2nd period - Shot Blocked by Joel Armia.
6:23 of 2nd period - Wrist shot by Zach Hyman.
6:23 of 2nd period - Stopped by Tuukka Rask with a rebound.
6:25 of 2nd period - Slapshot by Rasmus Dahlin.
6:25 of 2nd period - Shot Misses the Net.
6:27 of 2nd period - Slapshot by Andrew MacDonald.
6:27 of 2nd period - Stopped by Tuukka Rask with a rebound.
6:55 of 2nd period - Tim Schaller is hit by David Backes.
7:08 of 2nd period - Icing by Roman Josi.
7:09 of 2nd period - Paul Stastny wins face-off versus Adam Lowry in Sabres zone.
7:36 of 2nd period - Ivan Provorov is hit by Marcus Foligno and loses puck.
8:19 of 2nd period - Slapshot by Viktor Arvidsson.
8:19 of 2nd period - Shot Misses the Net.
8:27 of 2nd period - Miro Heiskanen is hit by Rickard Rakell and loses puck.
8:46 of 2nd period - Snap shot by Andre Burakovsky.
8:46 of 2nd period - Stopped by Tuukka Rask with a rebound.
9:08 of 2nd period - Snap shot by Patric Hornqvist.
9:08 of 2nd period - Shot Misses the Net.
9:10 of 2nd period - Slapshot by Miro Heiskanen.
9:10 of 2nd period - Shot Blocked by Roman Josi.
9:42 of 2nd period - Snap shot by Rickard Rakell.
9:42 of 2nd period - Deflect By Paul Stastny.
9:42 of 2nd period - Shot Misses the Net.
9:42 of 2nd period - Puck is out of play.
9:43 of 2nd period - Paul Stastny wins face-off versus Adam Lowry in Penguins zone.
9:46 of 2nd period - Snap shot by Viktor Arvidsson.
9:46 of 2nd period - Stopped by Tuukka Rask with a rebound.
10:12 of 2nd period - Snap shot by Clayton Keller.
10:12 of 2nd period - Deflect By Kevin Hayes.
10:12 of 2nd period - Stopped by Tuukka Rask with a rebound.
10:14 of 2nd period - Wrist shot by Kevin Hayes.
10:14 of 2nd period - Shot Blocked by Tyler Myers.
10:16 of 2nd period - Wrist shot by Josh Anderson.
10:16 of 2nd period - Shot Misses the Net.
10:29 of 2nd period - Off-side.
10:30 of 2nd period - David Backes wins face-off versus Adam Lowry in neutral zone.
10:33 of 2nd period - Markus Granlund is hit by Ryan Carpenter and loses puck.
12:07 of 2nd period - Slapshot by David Backes.
12:07 of 2nd period - Shot Misses the Net.
12:13 of 2nd period - Slapshot by Tyler Myers.
12:13 of 2nd period - Shot Blocked by Filip Hronek.
12:15 of 2nd period - Slapshot by Roman Polak.
12:15 of 2nd period - Shot Misses the Net.
13:37 of 2nd period - Snap shot by Paul Stastny.
13:37 of 2nd period - Shot Blocked by Tyler Myers.
13:39 of 2nd period - Snap shot by Rickard Rakell.
13:39 of 2nd period - Shot Hit the Post.
14:14 of 2nd period - Ivan Provorov is hit by Dmitry Orlov and loses puck.
14:31 of 2nd period - Patric Hornqvist is hit by Ivan Provorov.
14:37 of 2nd period - Minor Penalty to Clayton Keller for Hooking.
14:38 of 2nd period - Tim Schaller wins face-off versus Kevin Hayes in Sabres zone.
14:39 of 2nd period - Backhand shot by Mikkel Boedker.
14:39 of 2nd period - Shot Blocked by Roman Josi.
14:49 of 2nd period - Slapshot by Tyler Myers.
14:49 of 2nd period - Stopped by Martin Jones with a rebound.
16:37 of 2nd period - Penalty to Clayton Keller is over, Clayton Keller is back on ice.
16:49 of 2nd period - Slapshot by Sam Bennett.
16:49 of 2nd period - Shot Misses the Net.
17:36 of 2nd period - Slapshot by Kevin Hayes.
17:36 of 2nd period - Shot Blocked by Vladimir Sobotka.
19:23 of 2nd period - Wrist shot by Vladimir Sobotka.
19:23 of 2nd period - Deflect By Patric Hornqvist.
19:23 of 2nd period - Shot Misses the Net.
19:23 of 2nd period - Puck is out of play.
19:24 of 2nd period - Patric Hornqvist wins face-off versus Ryan Carpenter in Sabres zone.
19:38 of 2nd period - Icing by Kevin Shattenkirk.
19:39 of 2nd period - David Backes wins face-off versus Tim Schaller in Sabres zone.
19:39 of 2nd period - David Backes is hit by Tyler Myers.
19:53 of 2nd period - Wrist shot by Joel Armia.
19:53 of 2nd period - Shot Misses the Net.
19:55 of 2nd period - Snap shot by Tim Schaller.
19:55 of 2nd period - Deflect By Mikkel Boedker.
19:55 of 2nd period - Stopped by Martin Jones with a rebound.
Goals for this period are 0 for Sabres vs 0 for Penguins.
Shots for this period are 5 for Sabres vs 5 for Penguins.

3rd period


0:01 of 3rd period - Kevin Hayes wins face-off versus Adam Lowry in neutral zone.
0:04 of 3rd period - Snap shot by Josh Anderson.
0:04 of 3rd period - Stopped by Tuukka Rask without a rebound.
0:05 of 3rd period - Adam Lowry wins face-off versus Kevin Hayes in Penguins zone.
0:32 of 3rd period - Wrist shot by Reid Boucher.
0:32 of 3rd period - Shot Misses the Net.
0:54 of 3rd period - Off-side.
0:55 of 3rd period - Andrew Copp wins face-off versus Tim Schaller in neutral zone.
0:58 of 3rd period - Niklas Kronwall is hit by Andrew Copp and loses puck.
1:21 of 3rd period - Snap shot by David Backes.
1:21 of 3rd period - Shot Misses the Net.
1:47 of 3rd period - Wrist shot by Patric Hornqvist.
1:47 of 3rd period - Shot Misses the Net.
1:53 of 3rd period - Wrist shot by Markus Granlund.
1:53 of 3rd period - Shot Misses the Net.
1:55 of 3rd period - Snap shot by Niklas Kronwall.
1:55 of 3rd period - Stopped by Martin Jones with a rebound.
2:49 of 3rd period - Off-side.
2:50 of 3rd period - David Backes wins face-off versus Adam Lowry in neutral zone.
2:53 of 3rd period - Slapshot by Filip Hronek.
2:53 of 3rd period - Stopped by Tuukka Rask without a rebound.
2:54 of 3rd period - Adam Lowry wins face-off versus David Backes in Penguins zone.
3:19 of 3rd period - Snap shot by Andre Burakovsky.
3:19 of 3rd period - Stopped by Tuukka Rask without a rebound.
3:20 of 3rd period - Tim Schaller wins face-off versus Kevin Hayes in Penguins zone.
3:35 of 3rd period - Tyler Myers is hit by Josh Anderson and loses puck.
3:49 of 3rd period - Icing by Josh Anderson.
3:50 of 3rd period - Adam Lowry wins face-off versus Paul Stastny in Sabres zone.
3:51 of 3rd period - Wrist shot by Patric Hornqvist.
3:51 of 3rd period - Shot Misses the Net.
5:12 of 3rd period - Wrist shot by Andre Burakovsky.
5:12 of 3rd period - Stopped by Tuukka Rask without a rebound.
5:13 of 3rd period - Paul Stastny wins face-off versus Tim Schaller in Penguins zone.
5:16 of 3rd period - Wrist shot by Paul Stastny.
5:16 of 3rd period - Shot Blocked by Joel Armia.
5:18 of 3rd period - Slapshot by Kevin Shattenkirk.
5:18 of 3rd period - Stopped by Tuukka Rask without a rebound.
5:19 of 3rd period - Rickard Rakell wins face-off versus Tim Schaller in Penguins zone.
5:26 of 3rd period - Wrist shot by Rickard Rakell.
5:26 of 3rd period - Stopped by Tuukka Rask with a rebound.
5:28 of 3rd period - Snap shot by Viktor Arvidsson.
5:28 of 3rd period - Deflect By Paul Stastny.
5:28 of 3rd period - Stopped by Tuukka Rask with a rebound.
5:30 of 3rd period - Slapshot by Rickard Rakell.
5:30 of 3rd period - Shot Misses the Net.
5:32 of 3rd period - Slapshot by Kevin Shattenkirk.
5:32 of 3rd period - Stopped by Tuukka Rask with a rebound.
5:34 of 3rd period - Wrist shot by Rickard Rakell.
5:34 of 3rd period - Shot Blocked by Tim Schaller.
5:36 of 3rd period - Slapshot by Ivan Provorov.
5:36 of 3rd period - Deflect By Rickard Rakell.
5:36 of 3rd period - Stopped by Tuukka Rask with a rebound.
6:21 of 3rd period - Wrist shot by Patric Hornqvist.
6:21 of 3rd period - Deflect By Markus Granlund.
6:21 of 3rd period - Shot Misses the Net.
6:21 of 3rd period - Puck is out of play.
6:22 of 3rd period - Paul Stastny wins face-off versus Joel Armia in Sabres zone.
7:16 of 3rd period - Steve Bernier is hit by Zach Hyman and loses puck.
7:45 of 3rd period - Snap shot by Markus Granlund.
7:45 of 3rd period - Shot Misses the Net.
8:17 of 3rd period - Slapshot by Roman Josi.
8:17 of 3rd period - Stopped by Tuukka Rask without a rebound.
8:18 of 3rd period - Adam Lowry wins face-off versus Andrew Copp in Penguins zone.
8:43 of 3rd period - Snap shot by Paul Stastny.
8:43 of 3rd period - Shot Blocked by Jacob Larsson.
8:45 of 3rd period - Snap shot by Viktor Arvidsson.
8:45 of 3rd period - Stopped by Tuukka Rask with a rebound.
8:47 of 3rd period - Snap shot by Rickard Rakell.
8:47 of 3rd period - Stopped by Tuukka Rask with a rebound.
8:49 of 3rd period - Slapshot by Rickard Rakell.
8:49 of 3rd period - Shot Blocked by Tim Schaller.
8:51 of 3rd period - Slapshot by Roman Josi.
8:51 of 3rd period - Shot Misses the Net.
9:07 of 3rd period - Snap shot by Clayton Keller.
9:07 of 3rd period - Shot Misses the Net.
9:09 of 3rd period - Slapshot by Ivan Provorov.
9:09 of 3rd period - Stopped by Tuukka Rask without a rebound.
9:10 of 3rd period - Markus Granlund wins face-off versus Andrew Copp in Penguins zone.
9:17 of 3rd period - Snap shot by Markus Granlund.
9:17 of 3rd period - Shot Misses the Net.
9:19 of 3rd period - Snap shot by Markus Granlund.
9:19 of 3rd period - Shot Misses the Net.
9:21 of 3rd period - Snap shot by Patric Hornqvist.
9:21 of 3rd period - Shot Blocked by Ivan Provorov.
9:23 of 3rd period - Slapshot by Tyler Myers.
9:23 of 3rd period - Shot Misses the Net.
9:35 of 3rd period - Kevin Hayes is hit by Joel Armia and loses puck.
10:21 of 3rd period - Snap shot by Ryan Carpenter.
10:21 of 3rd period - Shot Misses the Net.
10:23 of 3rd period - Slapshot by Ivan Provorov.
10:23 of 3rd period - Deflect By Andre Burakovsky.
10:23 of 3rd period - Stopped by Tuukka Rask with a rebound.
10:51 of 3rd period - Slapshot by Roman Polak.
10:51 of 3rd period - Stopped by Martin Jones without a rebound.
10:52 of 3rd period - Kevin Hayes wins face-off versus Sam Bennett in Sabres zone.
10:52 of 3rd period - Kevin Hayes is hit by Roman Polak.
12:01 of 3rd period - Snap shot by Reid Boucher.
12:01 of 3rd period - Shot Misses the Net.
12:08 of 3rd period - Snap shot by Clayton Keller.
12:08 of 3rd period - Shot Blocked by Marcus Foligno.
12:10 of 3rd period - Wrist shot by Kevin Hayes.
12:10 of 3rd period - Stopped by Tuukka Rask without a rebound.
12:11 of 3rd period - Adam Lowry wins face-off versus Paul Stastny in Penguins zone.
12:13 of 3rd period - Minor Penalty to Jacob Larsson for Hooking.
12:14 of 3rd period - Patric Hornqvist wins face-off versus Paul Stastny in Penguins zone.
14:10 of 3rd period - Rasmus Dahlin is hit by Tyler Myers and loses puck.
14:13 of 3rd period - Penalty to Jacob Larsson is over, Jacob Larsson is back on ice.
14:49 of 3rd period - Andre Burakovsky is hit by Steve Bernier.
15:10 of 3rd period - Joel Armia is hit by Viktor Arvidsson and loses puck.
16:37 of 3rd period - Patric Hornqvist is hit by Andrew MacDonald.
18:48 of 3rd period - Andrew Copp is hit by Steve Bernier and loses puck.
19:22 of 3rd period - Icing by Tyler Myers.
19:23 of 3rd period - Adam Lowry wins face-off versus Paul Stastny in Penguins zone.
19:55 of 3rd period - Icing by Jesperi Kotkaniemi.
19:56 of 3rd period - Greg Carey wins face-off versus Viktor Arvidsson in Penguins zone.
Goals for this period are 0 for Sabres vs 0 for Penguins.
Shots for this period are 15 for Sabres vs 2 for Penguins.

Overtime #1


0:01 of 1st overtime period - Paul Stastny wins face-off versus Adam Lowry in neutral zone.
0:26 of 1st overtime period - Roman Polak is hit by Rickard Rakell and loses puck.
1:56 of 1st overtime period - Off-side.
1:57 of 1st overtime period - Adam Lowry wins face-off versus Zach Hyman in neutral zone.
2:04 of 1st overtime period - Snap shot by Patric Hornqvist.
2:04 of 1st overtime period - Goal by Patric Hornqvist - Sabres : 1 - Penguins : 2.
Goals for this period are 0 for Sabres vs 1 for Penguins.
Shots for this period are 0 for Sabres vs 1 for Penguins.